AoeStats
← Horizon

Arabia

509296917Analyzed
1v1 RM · 6d ago on Sep 26, 2026· 38m 18s· 2 players
Game mode
Random Map
Map size
Tiny (2 player)
Population
200
Speed
Normal
Resources
Standard
Victory
Conquest
Starting age
Dark Age
Ending age
Imperial Age
RankedLock teamsTeams togetherTeam positionsShared explorationLock speedFull tech treeHidden civsTurbo modeCheats
Victory
Defeat
🇫🇮 Bulgarians · Finland
1514
+14
🇵🇰 Berbers · Pakistan
1471
-14
Horizon
6:23 Loom
9:14 Feudal Age
11:39 Double-Bit Axe
13:41 Fletching
14:22 Town Watch
25:08 Castle Age
24:09 Horse Collar
24:25 Stone Mining
26:02 Bow Saw
26:08 Heavy Plow
31:08 Bodkin Arrow
31:16 Husbandry
32:31 Wheelbarrow
37:23 Thumb Ring
38:30 Bloodlines
38:51 Forging
Rattack
9:41 Feudal Age
9:44 Loom
10:18 Double-Bit Axe
16:04 Forging
19:15 Wheelbarrow
22:19 Castle Age
21:24 Bloodlines
21:08 Horse Collar
21:43 Scale Barding Armor
25:03 Bow Saw
24:57 Heavy Plow
25:27 Hand Cart
27:10 Gold Mining
29:07 Devotion
31:40 Gold Shaft Mining
32:40 Chain Barding Armor
38:03 Imperial Age
37:01 Iron Casting
38:08 Husbandry
39:10 Conscription
39:31 Plate Barding Armor
Connection lost

Rejoining the realm…

Still unreachable

The connection could not be restored.

Session expired

The server has moved on; the page needs a fresh start.